[Event "Rohde op 12th"]
[Site "Sautron"]
[Date "2012.11.01"]
[Round "7"]
[White "Karpatchev, Aleksandr"]
[Black "Riff, Jean Noel"]
[Result "1/2-1/2"]
[ECO "C05"]
[WhiteElo "2458"]
[BlackElo "2473"]
[Annotator "RR"]
[PlyCount "72"]
[EventDate "2012.10.27"]
[EventType "swiss"]
[EventRounds "9"]
[EventCountry "FRA"]
[SourceTitle "EXT 2014"]
[Source "ChessBase"]
[SourceDate "2013.11.20"]
[SourceVersion "1"]
[SourceVersionDate "2013.11.20"]
[SourceQuality "1"]
[TimeControl "40/5400+30:1800+30"]
[WhiteClock "1:30:00"]
[BlackClock "1:30:00"]

1. e4 e6 2. d4 d5 3. Nd2 Be7 4. Ngf3 Nf6 5. e5 Nfd7 6. Bd3 c5 7. c3 b6 (7... Nc6 {La grande ligne}) 8. O-O Ba6 9.
Bxa6 (9. Ne1 Bxd3 10. Nxd3 Nc6 11. Qg4 $14 {Adams,M (2694)
-Lemos,D (2556) Gibraltar Masters 8th 2010 (9) 1-0}) 9... Nxa6 10. Re1 (10. Qe2 Nc7 11. a4 O-O $11) 10... b5 11. a4 (11. a3 Qb6 12. Nf1 c4 13. h4 h6 14. h5
Nc7 15. Ng3 a5 16. Bd2 Qc6 17. Nh2 O-O-O 18. Qg4 Rhg8 19. Qh3 Kb7 20. Ng4 Rh8
21. f4 g6 22. Re2 Qb6 23. Nf1 b4 24. axb4 axb4 25. Nfe3 Ra8 {Timofeev,A (2658)
-Nepomniachtchi,I (2602)/Dresden 2007/CBM 118/1/2-1/2 (66)}) 11... b4 12. c4 Nc7 13. cxd5 $146 (13. b3 O-O {Andriasian,Z (2540)-Socko,B (2660) Rubinstein Memorial 39th
2007 (1) 1/2}) 13... Nxd5 14. Ne4 O-O 15. a5 Rc8 16. Bg5 $1 Bxg5 17. Nexg5 h6 18. Ne4 c4 $1 $132 19. Nd6 Rc6 20. Qa4 Nb8 21. Nd2 Qc7 (21... c3 22. bxc3 bxc3 23. N2c4) 22. N2e4 a6 23. Nc5 Rxd6 $5 (23... Nd7) 24. exd6 Qxd6 25. Qc2 c3 26. bxc3 (26. Ne4) 26... bxc3 27. Qd3 Nc6 28. Qxa6 Ndb4 $1 29. Qc4 Nc2 30. Ne4 Qd5 31. Qxd5 exd5 32. Nxc3 Nxe1 33. Rxe1 Ra8 34. Ra1 Rxa5 35. Rxa5 Nxa5 36. Nxd5 Nc6 1/2-1/2